 Dungeon Crawl Stone Soup version 0.31-a0-1529-g7bd419a0e5 (webtiles) character file.

Game seed: 12532458626490661465

846 LeprechaunX the Changeling (level 8, 0/54 HPs)
             Began as an Octopode Shapeshifter on Jan 1, 2024.
             Was an Initiate of Hepliaklqana.
             Slain by a gnoll sergeant
             ... wielding a +1 trident of venom
              (13 damage)
             ... on level 5 of the Dungeon.
             The game lasted 00:04:47 (4522 turns).

LeprechaunX the Changeling (Octopode Shapeshifter)  Turns: 4522, Time: 00:04:48

Health: 0/54       AC:  1    Str: 14    XL:     8   Next: 0%
Magic:  8/8        EV: 13    Int: 12    God:    Hepliaklqana [......]
Gold:   256        SH:  0    Dex: 13    Spells: 7/7 levels left

rFire   . .          .
                       - Unarmed
rCold   . . .        (no shield)
rNeg    . . .        (helmet currently unavailable)
rPois   .            h - amulet of faith
rElec   .            (no ring)
rCorr   .            (no ring)
SInv    .            (no ring)
Will    .....        (no ring)
Stlth   ++           (no ring)
HPRegen 0.29/turn    (no ring)
MPRegen 0.11/turn    (no ring)
                     (no ring)

%: faith
@: lethally poisoned (0 -> -21), beast-form
A: beast (slay +3), almost no armour, amphibious, 8 rings, camouflage 1,
gelatinous body 1, (nimble swimmer 1), tentacles
a: Begin Untransformation, Renounce Religion


You were on level 5 of the Dungeon.
You worshipped Hepliaklqana.
Hepliaklqana was noncommittal.
You were a hulking beast.
You visited 1 branch of the dungeon, and saw 5 of its levels.

You collected 256 gold pieces.

Inventory:

Hand Weapons
 a - a +0 sling
Jewellery
 h - an amulet of faith (around mantle)
Talismans
 b - a beast talisman
 c - a flux talisman
 k - a serpent talisman
 s - a maw talisman
Scrolls
 d - a scroll of enchant weapon {unknown}
 j - 7 scrolls of identify {unknown}
 l - 2 scrolls of teleportation {unknown}
 o - 2 scrolls of blinking {unknown}
 p - 2 scrolls of silence {unknown}
 q - a scroll of revelation {unknown}
Potions
 e - 2 potions of mutation {unknown}
 f - 2 potions of enlightenment {unknown}
 g - 3 potions of berserk rage {unknown}
 i - 2 potions of lignification
 m - a potion of magic {unknown}
 n - a potion of might {unknown}
 r - a potion of cancellation {unknown}


   Skills:
 + Level 4.3 Fighting
 - Level 2.0 Dodging
 + Level 5.2 Unarmed Combat
 * Level 6.4 Shapeshifting


You had 7 spell levels left.
You didn't know any spells.
Your spell library contained the following spells:

 Spells                   Type           Power      Damage    Failure   Level
 Ensorcelled Hibernation  Hex/Ice        0%         N/A       45%         2
 Scorch                   Fire           0%         2d5       45%         2
 Passwall                 Erth           0%         N/A       69%         3
 Swiftness                Air            0%         N/A       69%         3
 Flame Wave               Conj/Fire      0%         2d4       97%         4
 Summon Cactus Giant      Summ           0%         N/A       100%        6


Dungeon Overview and Level Annotations

Branches:
Dungeon (5/15)             Temple (0/1) D:5

Altars:
Hepliaklqana
Nemelex Xobeh


Innate Abilities, Weirdness & Mutations

You are a hulking beast.
Your limbs bulge with bestial killing power. (Slay +3)
You cannot wear most types of armour.
You are amphibious.
You can wear up to eight rings at the same time.
Your skin changes colour to match your surroundings (Stealth+).
Your rubbery body absorbs attacks. (AC +1, EV +1)
((You are camouflaged when in or above water. (Stealth+)))
You have tentacles for arms and can constrict up to eight enemies at once.


Message History

You feel sick.
You feel sick.
The orc throws a poisoned dart.
The poisoned dart closely misses you.
You feel sick.
You feel sick.
You are no longer poisoned.
Things that are here:
a +0 ring mail; a +0 war axe The orc suddenly cheers.
The gnoll sergeant closely misses you.
You closely miss the gnoll sergeant. Your grab misses the gnoll sergeant.
You squeeze the gnoll sergeant, but do no damage.
The gnoll sergeant hits you with a +1 trident of venom.
You closely miss the gnoll sergeant. You grab the gnoll sergeant.
You constrict the gnoll sergeant, but do no damage.
The gnoll sergeant hits you with a +1 trident of venom!
You are poisoned.
You tentacle-slap the gnoll sergeant. The gnoll sergeant blocks your attack.
The gnoll sergeant is moderately wounded.
You constrict the gnoll sergeant, but do no damage.
You feel very sick.
You tentacle-slap the gnoll sergeant but do no damage.
The gnoll sergeant is moderately wounded.
You constrict the gnoll sergeant.
You feel very sick. The gnoll sergeant barely misses you.
Unknown command.
You tentacle-slap the gnoll sergeant but do no damage.
The gnoll sergeant is moderately wounded.
You constrict the gnoll sergeant.
You feel very sick.
The gnoll sergeant hits you with a +1 trident of venom!
You are lethally poisoned!
You tentacle-slap the gnoll sergeant.
The gnoll sergeant is severely wounded.
You constrict the gnoll sergeant.
* * * LOW HITPOINT WARNING * * *
You feel very sick.
The gnoll sergeant hits you with a +1 trident of venom!
You die... #.....g.# #.....~._. #..####o# #...P⌠P... ##..## #g# #...P~.._. .....# #.# #......... ##...# #.# ##.......# #....###o#### ##.....## .........g[.# ###'### #...#######.######## ####...## ##.## #gggogh..#

#.#.#...# #.# #.######.#
#.#.###.# #.# #.#### #.# #...#
#.# ##'## #....# #.# #.### #.#
#...## #[##.# #.# #.#####.#
.....## #.##.# #.# #.......##
......## #..#.###.# #.#.######
.......####........#####....####.
.......'...........)..........)'.


You could see a gnoll sergeant, 3 gnolls and an orc.

Vanquished Creatures
  Grinder (D:5)
  Menkaure (D:4)
  2 ogres (D:5)
  A kobold brigand (D:5)
  A scorpion (D:4)
  A hound (D:5)
  A jelly (D:5)
  An iguana (D:5)
  5 gnolls
  3 adders
  4 dart slugs
  2 ribbon worms
  An orc (D:5)
  3 bats
  8 endoplasms
  7 giant cockroaches
  10 goblins
  7 hobgoblins
  2 jackals (D:2)
  7 kobolds
  5 ball pythons
  A frilled lizard (D:2)
  4 rats
78 creatures vanquished.

Notes
Turn   | Place    | Note
-------+----------+-------------------------------------------
     0 | D:1      | LeprechaunX the Octopode Shapeshifter began the quest for
                  | the Orb.
     0 | D:1      | Reached XP level 1. HP: 13/13 MP: 1/1
   244 | D:1      | Reached XP level 2. HP: 18/18 MP: 2/2
   423 | D:1      | Reached XP level 3. HP: 9/23 MP: 3/3
   820 | D:2      | Found a faded altar of an unknown god.
  1073 | D:2      | Reached XP level 4. HP: 29/29 MP: 4/4
  1476 | D:2      | Reached skill level 4 in Shapeshifting
  2812 | D:4      | Noticed Menkaure
  2824 | D:4      | Killed Menkaure
  2825 | D:4      | Reached XP level 5. HP: 13/36 MP: 5/5
  2928 | D:4      | Reached XP level 6. HP: 27/42 MP: 6/6
  3045 | D:4      | Found a sparkling altar of Nemelex Xobeh.
  3229 | D:4      | Reached skill level 5 in Shapeshifting
  3517 | D:5      | Entered Level 5 of the Dungeon
  3582 | D:5      | Noticed Grinder
  3630 | D:5      | Paralysed by Grinder for 4 turns
  3645 | D:5      | Killed Grinder
  3646 | D:5      | Reached XP level 7. HP: 20/47 MP: 7/7
  3911 | D:5      | Found a faded altar of an unknown god.
  3911 | D:5      | Found a hazy altar of Hepliaklqana.
  3913 | D:5      | Found a faded altar of an unknown god.
  3939 | D:5      | Reached skill level 5 in Unarmed Combat
  3939 | D:5      | Reached skill level 6 in Shapeshifting
  3981 | D:5      | Became a worshipper of Hepliaklqana the Forgotten
  4419 | D:5      | Found a staircase to the Ecumenical Temple.
  4428 | D:5      | Reached XP level 8. HP: 43/54 MP: 8/8
  4522 | D:5      | Slain by a gnoll sergeant

Illustrated notes

Levels and vault maps discovered:
D:1:      dpeg_cavernosity, layout_loops_ring, chequers_avenue
D:2:      layout_loops_ring, nicolae_ecumenical_pavilion, minmay_split_cup_small
D:3:      layout_basic
D:4:      layout_basic, mainiacjoe_overflow_chevrons, uniq_menkaure
D:5:      layout_loops_corners, nicolae_hepliaklqana_ecumenical_no_more,
          bloody_makhleb, minmay_temple_entry_tees, uniq_grinder,
          uniq_crazy_yiuf_cottage

Skill      XL: |  1  2  3  4  5  6  7 |
---------------+----------------------+-----
Fighting       | 2 3 4 |  4.3
Shapeshifting  | 4 5 6 |  6.4
Unarmed Combat | 4 5 |  5.2
Dodging        | |  2.0

Action                     |  1- 3 |  4- 6 |  7- 9 || total
---------------------------+-------+-------+-------++-------
  Melee: Unarmed           |    57 |    77 |    36 ||   170
         Constrict         |    14 |    22 |     7 ||    43
         Tentacles         |    10 |    24 |     8 ||    42
         Punch             |       |     1 |       ||     1
   Fire: Sling             |       |     8 |     2 ||    10
   Stab: Sleeping          |     5 |     6 |       ||    11
         Distracted        |     1 |       |       ||     1
 Armour: Skin              |    17 |    31 |    14 ||    62
  Dodge: Dodged            |    22 |    30 |    22 ||    74

Table legend: (Time is in decaauts)
 A = Elapsed time spent in this place.
 B = Non-inter-level travel time spent in this place.
 C = Inter-level travel time spent in this place.
 D = Time resting spent in this place.
 E = Time spent auto-exploring this place.
 F = Levels seen in this place.
 G = Mean time per level.
                   A        B        C        D        E       F      G
               +--------+--------+--------+--------+--------+-----+--------+
         Total |   4511 |   4376 |    135 |    262 |   3428 |   5 |  902.2 |
       Dungeon |   4511 |   4376 |    135 |    262 |   3428 |   5 |  902.2 |
               +--------+--------+--------+--------+--------+-----+--------+

Top non-repeatable levels by time:
     D:3: 959 daAuts
     D:5: 937 daAuts
     D:2: 936 daAuts
     D:4: 860 daAuts
     D:1: 817 daAuts
